 Dungeon Sprint DCSS version 0.31-a0-879-g1609e0ac53 (webtiles) character file.

Game seed: 5054381595382902163

22183 sircluck the Brawler (level 12, -1/210 HPs)
             Began as a Troll Berserker on Oct 14, 2023.
             Was the Champion of Trog.
             Slain by a 16-headed hydra (12 damage)
             ... in the Dungeon (Sprint I: "Red Sonja").
             The game lasted 00:05:38 (1202 turns).

sircluck the Brawler (Troll Berserker)              Turns: 1202, Time: 00:05:39

Health: -1/210     AC:  6    Str: 32    XL:     12   Next: 60%
Magic:  11/11      EV: 13    Int:  1    God:    Trog [******]
Gold:   612        SH:  0    Dex:  9    Spells: 11/11 levels left

rFire   . .          .
                       - Unarmed
rCold   . . .        (no shield)
rNeg    . . .        j - +0 troll leather armour
rPois   .            k - +0 mask of the Dragon {Will+ Slay+3 SInv}
rElec   .            (no cloak)
rCorr   .            (gloves unavailable)
SInv    +            (boots unavailable)
Will    +....        (no amulet) Stlth
                     (no ring)
HPRegen 2.15/turn    (no ring)
MPRegen 0.12/turn

%: no teleportation
@: berserking, very quick
A: large, unfitting armour, claws 3, regeneration 1, shaggy fur 1, tough skin 1,
dopey 1
a: Renounce Religion, Berserk, Trog's Hand, Brothers in Arms


You were in the Dungeon.
You worshipped Trog.
Trog was exalted by your worship.
You visited 1 branch You collected 1596 gold pieces.
You spent 984 gold pieces at shops.

Inventory:

Armour
 a - a +0 animal skin
 j - a +0 troll leather armour (worn)
 k - the +0 mask of the Dragon (worn) {Will+ Slay+3 SInv}
   (You bought it in a shop in the Dungeon)

   Slay+3:    It affects your accuracy & damage with ranged weapons and melee
   (+3).
   Will+:     It increases your willpower.
   SInv:      It lets you see invisible.
Wands
 h - a wand of charming (7)
Scrolls
 g - 3 scrolls of blinking
 i - 2 scrolls of identify {unknown}
Potions
 b - 3 potions of curing
 c - 2 potions of heal wounds
 d - a potion of haste
 e - 2 potions of magic
 f - a potion of berserk rage


   Skills:
 + Level 14.5 Fighting
 + Level 8.4 Armour
 + Level 14.3 Dodging
 + Level 16.9 Unarmed Combat


You had 11 spell levels left.
You didn't know any spells.
Your spell library was empty.

Dungeon Overview and Level Annotations

Branches:
Dungeon (1/1)

Altars:
Cheibriados
Dithmenos
Elyvilon
Fedhas
Gozag
Hepliaklqana
Kikubaaqudgha
Makhleb
Nemelex Xobeh
Okawaru
Qazlal
Ru
Sif Muna
Trog
Uskayaw
Vehumet
Wu Jian
Xom
Yredelemnul
Zin
The Shining One
Jiyva
Lugonu

Shops:
D [=*[*[[!:(*[:((!(=*[:


Innate Abilities, Weirdness & Mutations

You are too large for most types of armour.
You have claws for hands.
Your natural rate of healing is unusually fast.
You are covered in fur. (AC +1)
You have tough skin. (AC +1)
You are dopey. (Int -2)


Message History

The 13-headed hydra barely misses you.
The 13-headed hydra bites you but does no damage. x2
The floating eye seems to glare at you.
Unknown command.
You barely miss the 13-headed hydra.
The 13-headed hydra is moderately wounded.
The 13-headed hydra bites you. x2
The 13-headed hydra completely misses you.
The 13-headed hydra bites you!
* * * LOW HITPOINT WARNING * * *
The 13-headed hydra barely misses you. x3
The 13-headed hydra bites you but does no damage.
The 13-headed hydra bites you!
* * * LOW HITPOINT WARNING * * *
The 13-headed hydra bites you.
* * * LOW HITPOINT WARNING * * *
The 13-headed hydra bites you but does no damage.
The 13-headed hydra bites you!
* * * LOW HITPOINT WARNING * * *
The 13-headed hydra bites you but does no damage.
Unknown command.
Unknown command.
You claw one of the 13-headed hydra's heads off!
The 12-headed hydra grows two more!
You claw the 14-headed hydra!
The 14-headed hydra is moderately wounded.
You tear one of the 14-headed hydra's heads off!
The 13-headed hydra grows two more!
You mangle the 15-headed hydra!!
The 15-headed hydra is heavily wounded.
You tear one of the 15-headed hydra's heads off!
The 14-headed hydra grows two more!
You claw the 16-headed hydra!
The 16-headed hydra is heavily wounded.
The 16-headed hydra bites you.
* * * LOW HITPOINT WARNING * * *
The 16-headed hydra misses you. The 16-headed hydra bites you.
* * * LOW HITPOINT WARNING * * *
The 16-headed hydra bites you!
* * * LOW HITPOINT WARNING * * *
The 16-headed hydra misses you. The 16-headed hydra barely misses you.
The 16-headed hydra misses you. The 16-headed hydra bites you!
You die...

#####################
..#[:#..††'†.§§.@DG$#
.†##§#.####.§§§§##$.+
..§§§#§# ##.§§## ##
###))§§# ###+#
§##+#### .#.°°..#
§#.°○..+ §###°°.#
§§§#..°#


You could see a 16-headed hydra and a floating eye (charged).

Vanquished Creatures
  2 centaur warriors (D)
  4 demonic crawlers (D)
  Sonja (D)
  A deep troll (D)
  A lindwurm (D)
  An oklob plant (D)
  A gargoyle (D)
  2 kobold demonologists (D)
  2 unseen horrors (D)
  A hornet (D)
  Sigmund (D)
  A slime creature (D)
  A yak (D)
  2 redbacks (D)
  13 hogs (D)
  2 floating eyes (D)
  An ogre (D)
  7 necrophages (D)
  8 jellies (D)
  Ijyb (D)
53 creatures vanquished.

Vanquished Creatures (collateral kills)
  8 shining eyes (D)
  4 floating eyes (D)
12 creatures vanquished.

Vanquished Creatures (others)
  2 ballistomycete spores (D)
2 creatures vanquished.

Grand Total: 67 creatures vanquished

Notes
Turn   | Place    | Note
-------+----------+-------------------------------------------
     0 | D        | sircluck the Troll Berserker began the quest for the Orb.
     0 | D        | Reached XP level 1. HP: 22/22 MP: 0/0
     1 | D        | Noticed Ijyb
     5 | D        | Killed Ijyb
     6 | D        | Reached skill level 4 in Unarmed Combat
     6 | D        | Reached XP level 2. HP: 12/31 MP: 1/1
    25 | D        | Noticed an ogre
    33 | D        | Killed an ogre
    34 | D        | Reached skill level 5 in Fighting
    34 | D        | Reached skill level 5 in Dodging
    34 | D        | Reached skill level 6 in Unarmed Combat
    34 | D        | Reached XP level 3. HP: 42/42 MP: 2/2
    34 | D        | Reached XP level 4. HP: 50/50 MP: 3/3
    45 | D        | Noticed Sigmund
    64 | D        | Killed Sigmund
    64 | D        | Reached ** piety under Trog
    65 | D        | Reached skill level 7 in Unarmed Combat
    65 | D        | Reached XP level 5. HP: 31/61 MP: 4/4
    65 | D        | Reached XP level 6. HP: 34/68 MP: 5/5
   108 | D        | Found an ornate altar of the Wu Jian Council.
   108 | D        | Found a shimmering blue altar of Sif Muna.
   110 | D        | Found a radiant altar of Vehumet.
   114 | D        | Reached skill level 8 in Unarmed Combat
   131 | D        | Noticed a centaur warrior
   131 | D        | Noticed a centaur warrior
   140 | D        | Killed a centaur warrior
   141 | D        | Reached skill level 10 in Unarmed Combat
   141 | D        | Reached XP level 7. HP: 81/81 MP: 6/6
   143 | D        | Killed a centaur warrior
   143 | D        | Reached *** piety under Trog
   144 | D        | Reached skill level 11 in Unarmed Combat
   144 | D        | Reached XP level 8. HP: 93/93 MP: 7/7
   185 | D        | Noticed a hornet
   199 | D        | Killed a hornet
   200 | D        | Reached skill level 10 in Fighting
   211 | D        | Noticed an oklob plant
   215 | D        | Killed an oklob plant
   216 | D        | Reached skill level 10 in Dodging
   216 | D        | Reached skill level 12 in Unarmed Combat
   216 | D        | Reached XP level 9. HP: 92/102 MP: 8/8
   254 | D        | Reached **** piety under Trog
   359 | D        | Reached ***** piety under Trog
   373 | D        | Reached skill level 13 in Unarmed Combat
   387 | D        | Killed an unseen horror
   387 | D        | Received a gift from Trog
   388 | D        | Killed an unseen horror
   470 | D        | Found Umokol's Distillery.
   471 | D        | Found Ykkumu's Antique Armour Shop.
   471 | D        | Found Onoufev's Book Boutique.
   487 | D        | Found Cezxaz's Jewellery Boutique.
   487 | D        | Found Myoghe's Assorted Antiques.
   488 | D        | Found Sybuadd's Book Emporium.
   555 | D        | Found Othav's Antique Weapon Emporium.
   555 | D        | Found Doheiska's Assorted Antiques.
   555 | D        | Found Girodigu's Antique Armour Shoppe.
   555 | D        | Found Xeanynle's Book Boutique.
   555 | D        | Found Hiellan's Weapon Emporium.
   555 | D        | Found Dyloont's Weapon Shop.
   555 | D        | Found Diudghoa's Distillery.
   557 | D        | Found Tefiri's Weapon Boutique.
   611 | D        | Noticed a deep troll
   620 | D        | Killed a deep troll
   620 | D        | Reached ****** piety under Trog
   620 | D        | Received a gift from Trog
   621 | D        | Reached skill level 14 in Unarmed Combat
   621 | D        | Reached XP level 10. HP: 34/115 MP: 9/9
   699 | D        | Noticed Sonja
   703 | D        | Killed Sonja
   784 | D        | Found Daywym's Armour Emporium.
   784 | D        | Found an ancient bone altar of Kikubaaqudgha.
   784 | D        | Found a stormy altar of Qazlal.
   784 | D        | Found a blossoming altar of Fedhas.
   784 | D        | Found a bloodstained altar of Trog.
   784 | D        | Found an iron altar of Okawaru.
   784 | D        | Found a glowing golden altar of the Shining One.
   784 | D        | Found a glowing silver altar of Zin.
   784 | D        | Found a white marble altar of Elyvilon.
   790 | D        | Found a hazy altar of Hepliaklqana.
   790 | D        | Found a hide-covered altar of Uskayaw.
   790 | D        | Found a basalt altar of Yredelemnul.
   790 | D        | Found a snail-covered altar of Cheibriados.
   790 | D        | Found a sacrificial altar of Ru.
   790 | D        | Found a shadowy altar of Dithmenos.
   791 | D        | Found an opulent altar of Gozag.
   792 | D        | Found a sparkling altar of Nemelex Xobeh.
   828 | D        | Found a burning altar of Makhleb.
   828 | D        | Found a viscous altar of Jiyva.
   828 | D        | Found a shimmering altar of Xom.
   828 | D        | Found a corrupted altar of Lugonu.
   849 | D        | Noticed a soul eater
   853 | D        | Received a gift from Trog
   870 | D        | Found Hiotixid's Armour Emporium.
   875 | D        | Bought the +0 mask of the Dragon {Will+ Slay+3 SInv} for
                  | 434 gold pieces
   875 | D        | Found the +0 mask of the Dragon {Will+ Slay+3 SInv}
   918 | D        | Found Zog Amor's Armour Boutique.
   929 | D        | Noticed a shining eye
   929 | D        | Noticed a shining eye
   929 | D        | Noticed a shining eye
   930 | D        | Paralysed by a floating eye for 3 turns
   932 | D        | Killed a shining eye
   934 | D        | Killed a shining eye
   935 | D        | Killed a shining eye
   936 | D        | Reached skill level 15 in Unarmed Combat
   936 | D        | Noticed a shining eye
   937 | D        | Killed a shining eye
   938 | D        | Reached skill level 5 in Armour
   938 | D        | Noticed a shining eye
   938 | D        | Noticed a shining eye
   938 | D        | Noticed a shining eye
   943 | D        | Killed a shining eye
   943 | D        | Received a gift from Trog
   944 | D        | Reached XP level 11. HP: 127/127 MP: 10/10
   945 | D        | Killed a shining eye
   947 | D        | Killed a shining eye
   948 | D        | Noticed a shining eye
   949 | D        | Gained mutation: You are dopey. (Int -2) [a shining eye]
   950 | D        | Killed a shining eye
   962 | D        | Found Zijuoli's Jewellery Shoppe.
   962 | D        | Found Besour's Assorted Antiques.
   962 | D        | Found Rarch's General Store.
   962 | D        | Found Abronnue's Armour Boutique.
   969 | D        | Bought a potion of experience for 550 gold pieces
   980 | D        | Reached XP level 12. HP: 136/136 MP: 11/11
  1016 | D        | Noticed a demonic crawler
  1016 | D        | Noticed a demonic crawler
  1016 | D        | Noticed a demonic crawler
  1016 | D        | Noticed a demonic crawler
  1021 | D        | Killed a demonic crawler
  1022 | D        | Reached skill level 16 in Unarmed Combat
  1025 | D        | Killed a demonic crawler
  1033 | D        | Killed a demonic crawler
  1037 | D        | Killed a demonic crawler
  1108 | D        | Received a gift from Trog
  1196 | D        | Noticed a 12-headed hydra
  1202 | D        | Slain by a 16-headed hydra

Illustrated notes

Levels and vault maps discovered:
D:        dungeon_sprint_1 [red_sonja_temple_1, red_sonja_temple_small_1]

Skill      XL: |  1  2  3  4  5  6  7  8  9 10 11 12 |
---------------+-------------------------------------+-----
Fighting       | 3 5 6 8 9 10 12 13 14 | 14.5
Dodging        | 3 5 6 8 9 10 11 13 14 | 14.3
Unarmed Combat | 4 6 7 10 11 12 14 15 16 | 16.9
Armour         | 5 6 8 |  8.4

Action                     |  1- 3 |  4- 6 |  7- 9 | 10-12 || total
---------------------------+-------+-------+-------+-------++-------
  Melee: Unarmed           |    10 |    21 |    63 |    80 ||   174
         Punch             |     1 |       |     5 |    12 ||    18
 Invoke: Berserk           |       |     1 |       |     2 ||     3
         Brothers in Arms  |       |       |       |     2 ||     2
    Use: Potion            |       |       |       |     1 ||     1
 Armour: Animal skin       |     2 |    18 |    58 |       ||    78
         Troll leather arm |       |       |       |    95 ||    95
  Dodge: Dodged            |     5 |    10 |    33 |    64 ||   112

Table legend: (Time is in decaauts)
 A = Elapsed time spent in this place.
 B = Non-inter-level travel time spent in this place.
 C = Inter-level travel time spent in this place.
 D = Time resting spent in this place.
 E = Time spent auto-exploring this place.
 F = Levels seen in this place.
 G = Mean time per level.
                   A        B        C        D        E       F      G
               +--------+--------+--------+--------+--------+-----+--------+
         Total |   1177 |   1143 |     34 |    252 |    511 |   1 | 1177.0 |
       Dungeon |   1177 |   1143 |     34 |    252 |    511 |   1 | 1177.0 |
               +--------+--------+--------+--------+--------+-----+--------+

Top non-repeatable levels by time:
       D: 1177 daAuts
